 Dungeon Crawl Stone Soup version 0.21.0 (webtiles) character file.

84 tidbits the Sneak (level 4, 3/18 HPs)
             Began as a Felid Earth Elementalist on Jan 6, 2018.
             Quit the game on level 4 of the Dungeon.
             The game lasted 00:04:20 (534 turns).

tidbits the Sneak (Felid Earth Elementalist)         Turns: 534, Time: 00:04:21

Health: 3/18       AC:  1    Str:  5    XL:     4   Next: 23%
Magic:  7/8        EV: 18    Int: 16    God:
Gold:   90         SH:  0    Dex: 16    Spells: 4/7 levels left
                                        Lives:  1   Deaths: 0

rFire    . . .     SeeInvis +     - Unarmed
rCold    . . .     Gourm    .   (shield unavailable)
rNeg     . . .     Faith    .   (armour unavailable)
rPois    .         Spirit   .   (helmet unavailable)
rElec    .         Reflect  .   (cloak unavailable)
rCorr    .         Harm     .   (gloves unavailable)
MR       .....                  (boots unavailable)
Stlth    +++.......             (no amulet)
HPRegen  0.06/turn              e - +1 ring of slaying
MPRegen  0.11/turn              (no ring)

@: lethally poisoned (3 -> -3), very slightly contaminated, quick
A: very small, no armour, no weapons or thrown items, stealth, claws 1, fangs 3,
see invisible, carnivore, speed 1, shaggy fur 1, slow metabolism 1, sharp paws
a: no special abilities


You were on level 4 of the Dungeon.
You were not hungry.

You visited 1 branch of the dungeon, and saw 4 of its levels.

You collected 90 gold pieces.

Inventory:

Missiles
 b - 46 stones
Jewellery
 e - a +1 ring of slaying (left paw)
   (You found it on level 2 of the Dungeon)
Scrolls
 f - a scroll of enchant armour {unknown}
 h - a scroll of remove curse {unknown}
 j - a scroll of enchant weapon {unknown}
 k - a scroll of amnesia {unknown}
Potions
 g - a potion of haste {unknown}
Books
 d - a book of Geomancy

   Spells                             Type                      Level
   a - Sandblast                      Earth                        1
   b - Passwall                       Transmutation/Earth          2
   c - Stone Arrow                    Conjuration/Earth            3
   d - Petrify                        Transmutation/Earth          4
   e - Lee's Rapid Deconstruction     Earth                        5
Comestibles
 c - 5 rations


   Skills:
 - Level 2.6 Dodging
 + Level 5.0 Stealth
 + Level 2.6 Unarmed Combat
 - Level 2.0 Spellcasting
 - Level 1.1 Transmutations
 - Level 2.6 Earth Magic


You had 4 spell levels left.
You knew the following spells:

 Your Spells              Type           Power        Failure   Level  Hunger
a - Sandblast             Erth           ##....       7%          1    #......
p - Passwall              Tmut/Erth      #.........   14%         2    ###....


Dungeon Overview and Level Annotations

Branches:
Dungeon (4/15)
 Temple: D:4-7

Altars:


Innate Abilities, Weirdness & Mutations

You cannot wear armour.
You are incapable of wielding weapons or throwing items.
Your paws allow you to move quietly. (Stealth)
You have sharp claws.
You have razor-sharp teeth.
You have supernaturally acute eyesight. (SInv)
You are carnivorous and can eat meat at any time.
You cover ground quickly.
You are covered in fur. (AC +1)
You have a slow metabolism.
Your sharp claws are effective at attacking unaware monsters.


Message History

The bullfrog skeleton is moderately damaged.
The bullfrog skeleton barely misses you.
You barely miss the bullfrog skeleton.
The bullfrog skeleton is moderately damaged.
The bullfrog skeleton misses you.
The bullfrog skeleton barely misses you.
You scratch the bullfrog skeleton.
The bullfrog skeleton is heavily damaged.
The bullfrog skeleton closely misses you.
You scratch the bullfrog skeleton.
The bullfrog skeleton is heavily damaged.
The bullfrog skeleton misses you.
You scratch the bullfrog skeleton.
The bullfrog skeleton is severely damaged.
The bullfrog skeleton barely misses you.
You scratch the bullfrog skeleton but do no damage.
The bullfrog skeleton is severely damaged.
The bullfrog skeleton barely misses you.
You barely miss the bullfrog skeleton.
The bullfrog skeleton is severely damaged.
The bullfrog skeleton hits you.
The bullfrog skeleton barely misses you.
You scratch the bullfrog skeleton.
The bullfrog skeleton is almost destroyed.
The bullfrog skeleton closely misses you.
You scratch the bullfrog skeleton.
You destroy the bullfrog skeleton!
You have reached level 4!
Extra life!
Found a scroll labeled TAELYXKAICH.
Found a scroll labeled QOORGH TUOHEPT.
j - a scroll labeled TAELYXKAICH
Found 8 gold pieces.
k - a scroll labeled QOORGH TUOHEPT A jackal comes into view.
A worker ant comes into view.
The worker ant twitches its antennae in your direction.
The jackal closely misses you. The jackal bites you.
You open the door. The jackal closely misses you.
There is an open door here.
You miss the jackal. You bite the jackal.
The jackal is heavily wounded.
The jackal bites you but does no damage.
The worker ant waves its antennae.
Casting: Sandblast
Confirm with . or Enter, or press ? or * to list all spells.
Aiming: Sandblast
Press: ? - help, Shift-Dir - straight line, f - jackal
Aim: a jackal (heavily wounded)
The blast of sand hits the jackal.
You kill the jackal!
Your Stealth skill increases to level 5!
b - 49 stones You scratch the worker ant but do no damage.
The worker ant bites you.
* * * LOW HITPOINT WARNING * * *
Casting: Sandblast
Confirm with . or Enter, or press ? or * to list all spells.
Aiming: Sandblast
Press: ? - help, Shift-Dir - straight line, f - worker ant
Aim: a worker ant The blast of sand hits the worker ant.
b - 48 stones The worker ant completely misses you.
Okay, then.
Casting: Sandblast
Confirm with . or Enter, or press ? or * to list all spells.
Aiming: Sandblast
Press: ? - help, Shift-Dir - straight line, f/p - worker ant
Aim: a worker ant You miscast Sandblast.
You are very lightly contaminated with residual magic.
Sand pours from your paws. The worker ant bites you.
* * * LOW HITPOINT WARNING * * *
The worker ant barely misses you.
It was a potion of magic.
Magic courses through your body. The worker ant misses you.
You feel better. The worker ant misses you.
Casting: Sandblast
Confirm with . or Enter, or press ? or * to list all spells.
Aiming: Sandblast
Press: ? - help, Shift-Dir - straight line, f/p - worker ant
Aim: a worker ant The blast of sand hits the worker ant.
b - 47 stones The worker ant bites you.
* * * LOW HITPOINT WARNING * * *
You are lethally poisoned!
The worker ant poisons you!
Casting: Sandblast
Confirm with . or Enter, or press ? or * to list all spells.
Aiming: Sandblast
Press: ? - help, Shift-Dir - straight line, f/p - worker ant
Aim: a worker ant The blast of sand hits the worker ant.
b - 46 stones
* * * LOW HITPOINT WARNING * * *
You feel sick. The worker ant barely misses you.
Are you sure you want to abandon this character and quit the game? (Confirm with "yes".)

.....# ##......# ...
.#.....# ..8..
.....###8...8
#.....#......
##.....#$.....
#########.....#.#.......
.......@a...............
.......##.....#.#.......
.......###.....#........
.......#.#.....#........
.......##.....###8...8..
.......#.#.....#...8....
..#######......#........
.. #........#........
#.......#.#.......


You could see a worker ant.

Vanquished Creatures
  A bullfrog skeleton (D:4)
  A worker ant (D:4)
  An adder (D:3)
  2 bats
  3 giant cockroaches
  3 goblins
  2 hobgoblins (D:1)
  A jackal (D:4)
  4 kobolds
  2 rats
20 creatures vanquished.

Notes
Turn   | Place    | Note
-------+----------+-------------------------------------------
     0 | D:1      | tidbits the Felid Earth Elementalist began the quest for the Orb.
     0 | D:1      | Reached XP level 1. HP: 7/7 MP: 4/4
    29 | D:1      | Reached skill level 3 in Stealth
   158 | D:2      | Reached skill level 1 in Unarmed Combat
   188 | D:1      | Reached XP level 2. HP: 11/11 MP: 1/6
   192 | D:1      | Learned a level 2 spell: Passwall
   425 | D:3      | Reached skill level 4 in Stealth
   459 | D:4      | Reached skill level 2 in Unarmed Combat
   459 | D:4      | Reached XP level 3. HP: 14/14 MP: 1/7
   486 | D:4      | Reached XP level 4. HP: 10/18 MP: 1/8
   526 | D:4      | Reached skill level 5 in Stealth
   534 | D:4      | Quit the game

Skill      XL: |  1  2  3  4 |
---------------+-------------+-----
Stealth        | 3 4 5 |  5.0
Unarmed Combat | 1 2 |  2.6
Dodging        | |  2.6
Spellcasting   | |  2.0
Transmutations | |  1.1
Earth Magic    | |  2.6

Action                   |  1- 3 |  4- 6 || total
-------------------------+-------+-------++-------
Melee: Unarmed           |    26 |     2 ||    28
       Bite              |     1 |     1 ||     2
 Cast: Sandblast         |    35 |     4 ||    39
  Use: Potion            |     1 |     2 ||     3
 Stab: Sleeping          |     5 |       ||     5
Armor: Skin              |     1 |     1 ||     2
Dodge: Dodged            |    39 |     7 ||    46

Table legend:
 A = Turns spent in this place as a percentage of turns spent in the entire game.
 B = Non-inter-level travel turns spent in this place as a percentage of non-inter-level travel turns spent in the entire game.
 C = Inter-level travel turns spent in this place as a percentage of turns spent in this place.
 D = Turns resting spent in this place as a percentage of non-inter-level travel turns spent in this place.
 E = Turns spent auto-exploring this place as a percentage of non-inter-level travel turns spent in this place.
 F = Non-inter-level travel turns spent in this place divided by the number of levels of this place that you've seen.
                   A       B       C       D       E      F
               +-------+-------+-------+-------+-------+----------------------
         Total | 100.0 | 100.0 |   0.0 |   0.0 |   0.0 | 133.5
       Dungeon | 100.0 | 100.0 |   0.0 |   0.0 |   0.0 | 133.5
               +-------+-------+-------+-------+-------+----------------------

Table legend:
 A = Kills in this place as a percentage of kills in entire the game.
 B = Kills by you in this place as a percentage of kills by you in the entire game.
 C = Kills by friends in this place as a percentage of kills by friends in the entire game.
 D = Other kills in this place as a percentage of other kills in the entire game.
 E = Experience gained in this place as a percentage of experience gained in the entire game.
 F = Experience gained in this place divided by the number of levels of this place that you have seen.
                   A       B       C       D       E      F
               +-------+-------+-------+-------+-------+----------------------
         Total | 100.0 | 100.0 |   N/A |   N/A | 100.0 |  30.0
       Dungeon | 100.0 | 100.0 |   N/A |   N/A | 100.0 |  30.0
               +-------+-------+-------+-------+-------+----------------------

Vault maps used:
D:1:      erik_arrival_blinker_ship
D:2:      zin_treasury
D:3:      uniq_terence, uniq_ijyb
D:4:      wad_pebble_path
